Map: Deathaura LE

Players

wulfyluv

  • Race: Protoss Protoss
  • League: Silver
  • Spawn Location: 11:00

sharno - Winner!

  • Race: Terran Terran
  • Spawn Location: 5:00

VOD

Have the link to the VOD?

Description

Time

  • Played on: Jan. 17, 2021, 9:33 p.m.
  • Length: 19:48
Show
View Real Time Build Order
Export as new Build Order

wulfyluv Protoss 

Build Orders:  

Get SALT Encoding   

  12  0:00  Probe  
  13  0:12  Probe  
  14  0:23  Pylon  
  14  0:24  Probe  
  15  0:43  Gateway  
  15  0:48  Probe, Pylon  
  16  1:00  Probe, Assimilator  
  17  1:12  Probe  
  18  1:35  Probe (Chrono Boost), Assimilator  
  19  1:41  Zealot  
  19  1:45  Cybernetics Core  
  19  1:46  Probe (Chrono Boost)  
  22  1:58  Forge  
  22  2:00  Pylon  
  22  2:02  Probe  
  23  2:14  Probe  
  24  2:18  Warp Gate (Chrono Boost)  
  24  2:23  Stalker  
  24  2:26  Probe  
  27  2:39  Twilight Council  
  27  3:03  Stalker  
  29  3:11  Protoss Ground Weapons Level 1  
  29  3:13  Pylon  
  29  3:16  Pylon  
  29  3:20  Pylon  
  29  3:33  Gateway  
  29  3:35  Gateway  
  29  3:41  Gateway  
  29  3:54  Nexus  
  29  4:00  Blink  
  29  4:05  Sentry  
  31  4:20  Probe  
  32  4:33  Probe  
  32  4:34  Robotics Facility  
  33  4:40  Stalker  
  33  4:43  Sentry  
  33  4:45  Probe  
  38  4:49  Stalker  
  40  4:57  Probe (Chrono Boost), Stalker  
  43  5:09  Probe (Chrono Boost)  
  43  5:13  Assimilator  
  44  5:17  Probe (Chrono Boost), Assimilator  
  44  5:18  Probe (Chrono Boost)  
  46  5:23  Probe  
  46  5:25  Protoss Ground Weapons Level 2  
  47  5:35  Probe  
  48  5:37  Observer  
  49  5:47  Probe, Stalker  
  52  5:50  Zealot x3  
  58  6:01  Probe  
  58  6:02  Probe  
  60  6:13  Probe  
  61  6:20  Observer  
  61  6:22  Stalker  
  61  6:23  Stalker x2  
  69  6:25  Probe  
  69  6:32  Stalker  
  71  6:37  Probe  
  72  6:42  Charge  
  72  6:47  Immortal  
  72  6:49  Probe  
  77  7:22  Probe, Pylon  
  78  7:23  Pylon  
  78  7:24  Pylon  
  78  7:40  Probe, Immortal  
  78  7:41  Stalker x3  
  78  7:42  Stalker  
  91  7:52  Probe  
  91  7:56  Robotics Bay  
  92  8:04  Probe  
  93  8:09  Protoss Ground Weapons Level 3 (Chrono Boost)  
  93  8:16  Probe  
  93  8:19  Zealot x2, Immortal  
  102  8:29  Pylon  
  102  8:32  Pylon  
  102  8:35  Pylon  
  102  8:55  Zealot x2  
  102  8:56  Zealot x2  
  102  9:01  Nexus  
  110  9:04  Assimilator  
  110  9:08  Assimilator  
  110  9:16  Stalker  
  112  9:17  Stalker  
  112  9:18  Stalker  
  112  9:22  Sentry  
  118  9:42  Stalker x3  
  124  9:46  Zealot  
  126  9:59  Pylon  
  126  10:02  Pylon  
  126  10:07  Pylon  
  126  10:11  Pylon  
  126  10:19  Stalker x4  
  134  10:30  Extended Thermal Lance  
  134  10:44  Stalker x4  
  142  10:53  Immortal (Chrono Boost)  
  142  10:56  Probe  
  147  11:00  Protoss Ground Armor Level 1  
  147  11:08  Probe  
  147  11:10  Zealot x2  
  152  11:20  Probe  
  153  11:30  Immortal (Chrono Boost)  
  157  11:33  Probe  
  157  11:39  Stalker x2  
  162  11:45  Probe  
  163  12:01  Disruptor  
  104  12:37  Stalker  
  104  12:38  Stalker x3  
  104  12:39  Immortal (Chrono Boost)  
  114  13:10  Colossus  
  116  13:16  Stalker x2  
  116  13:17  Observer, Stalker x2  
  122  13:45  Stalker x4  
  130  14:04  Colossus  
  132  14:11  Pylon  
  132  14:19  Pylon  
  122  14:27  Pylon  
  79  14:40  Stalker  
  79  14:41  Stalker x3  
  75  14:57  Colossus  
  81  15:08  Stalker x4  
  81  15:13  Nexus  
  89  15:14  Pylon  
  89  15:17  Protoss Ground Armor Level 2, Pylon  
  89  15:19  Pylon  
  84  16:00  Stalker  
  84  16:01  Stalker x3  
  88  16:11  Colossus (Chrono Boost)  
  88  16:17  Gateway  
  88  16:18  Gateway  
  94  16:20  Gateway  
  94  16:23  Gateway  
  94  16:24  Zealot x2  
  98  16:40  Probe  
  98  16:41  Assimilator  
  98  16:43  Assimilator  
  99  16:51  Stalker  
  99  16:52  Probe  
  102  16:58  Colossus  
  108  17:05  Probe  
  84  17:34  Stalker x2  
  84  17:35  Stalker x6  
  100  17:51  Colossus  
  106  18:01  Robotics Facility  
  106  18:03  Robotics Facility  
  106  18:05  Zealot  
  106  18:06  Zealot  
  106  18:09  Sentry x2  
  106  18:10  Sentry  
  116  18:13  Sentry  
  82  18:40  Zealot x2  
  82  18:41  Zealot x6  
  86  18:45  Colossus  
  64  19:04  Stalker x2  
  64  19:05  Stalker x3  
Show
View Real Time Build Order
Export as new Build Order

sharno Terran - Winner!

Build Orders: 2 Factory, Mech 

Get SALT Encoding   

  12  0:00  SCV  
  13  0:13  SCV  
  14  0:18  Supply Depot  
  14  0:25  SCV  
  15  0:40  SCV  
  16  0:42  Barracks  
  16  0:50  Refinery  
  16  0:52  SCV  
  17  1:04  SCV  
  18  1:13  Supply Depot  
  18  1:16  SCV  
  19  1:29  Orbital Command  
  19  1:45  Command Center  
  19  1:55  SCV  
  20  2:05  Factory  
  20  2:07  SCV  
  21  2:19  SCV  
  22  2:26  Supply Depot  
  22  2:31  SCV  
  22  2:36  Supply Depot  
  23  2:43  SCV  
  24  2:50  Factory Tech Lab  
  24  2:55  SCV  
  25  3:00  Factory  
  25  3:03  SCV  
  26  3:11  Refinery  
  26  3:21  Hellion  
  26  3:25  SCV  
  30  3:29  Orbital Command  
  29  3:37  SCV  
  30  3:43  Siege Tank  
  33  3:50  SCV  
  34  3:58  Armory  
  34  4:09  SCV x2  
  36  4:13  Hellion  
  36  4:15  Hellion  
  40  4:21  SCV x2  
  42  4:32  Command Center  
  42  4:33  SCV x2  
  42  4:35  Hellion  
  42  4:36  Hellion  
  48  4:38  Factory  
  48  4:47  Supply Depot  
  48  4:52  SCV x2  
  50  4:56  Hellion  
  52  5:04  SCV x2  
  54  5:10  Siege Tank  
  57  5:16  SCV x2  
  57  5:18  Hellion  
  61  5:23  Factory  
  61  5:29  SCV x2  
  61  5:35  Refinery  
  63  5:36  Refinery  
  63  5:41  SCV x2  
  65  5:50  Command Center  
  65  5:54  SCV x2  
  67  6:02  Hellion, Siege Tank  
  72  6:06  SCV x2, Factory Tech Lab  
  74  6:15  Engineering Bay  
  74  6:20  SCV x3  
  77  6:32  SCV x3  
  79  6:34  Thor  
  86  6:44  SCV  
  87  6:50  SCV  
  87  6:51  SCV  
  89  6:56  SCV  
  90  7:02  SCV  
  90  7:03  SCV  
  92  7:10  SCV  
  92  7:15  SCV, Planetary Fortress  
  94  7:23  Command Center  
  94  7:28  Thor x2  
  106  7:34  Factory Tech Lab, Refinery  
  106  7:36  Refinery  
  106  8:00  SCV x3  
  109  8:11  Thor x2  
  109  8:12  Terran Vehicle Weapons Level 1  
  121  8:19  Armory  
  121  8:27  Supply Depot  
  121  8:31  Supply Depot  
  121  8:33  SCV, Supply Depot  
  121  8:34  SCV x2  
  124  8:36  Supply Depot  
  124  8:37  Supply Depot, Planetary Fortress  
  124  8:45  SCV  
  124  8:46  SCV x2  
  127  8:52  Supply Depot  
  127  8:54  Siege Tank  
  130  8:58  SCV  
  130  9:02  Factory  
  131  9:20  Thor  
  131  9:21  Siege Tank  
  140  9:26  Thor  
  140  9:27  SCV x2  
  140  9:28  SCV x2  
  150  9:39  SCV x2  
  150  9:40  SCV x2  
  154  9:51  Refinery  
  154  9:53  Thor  
  154  9:54  Refinery  
  154  9:59  SCV x3  
  163  10:00  SCV  
  163  10:03  Thor  
  163  10:06  Terran Vehicle And Ship Armor Level 1  
  170  10:09  Siege Tank  
  170  10:14  Hellion  
  175  10:35  Hellion  
  177  10:36  Siege Tank  
  177  10:41  Hellion  
  182  10:46  Hellion  
  184  10:54  Factory  
  184  10:58  Factory  
  184  10:59  Factory  
  184  11:00  Factory  
  184  11:01  Factory  
  184  11:02  Thor  
  184  11:03  Hellion  
  192  11:07  Siege Tank  
  192  11:08  Hellion  
  197  11:22  Terran Vehicle Weapons Level 2  
  197  11:25  Hellion  
  116  12:32  Thor, Siege Tank  
  116  12:34  Hellion  
  116  12:35  Factory Tech Lab  
  117  12:44  Factory Tech Lab  
  117  12:47  Factory Tech Lab  
  117  12:50  Siege Tank  
  118  12:51  Factory Tech Lab x2  
  114  13:02  Thor x2  
  114  13:04  Thor  
  114  13:05  Hellion x2  
  121  13:14  Thor  
  112  13:22  Siege Tank  
  112  13:26  Hellion  
  117  13:32  Command Center  
  117  13:36  Command Center  
  117  13:38  Thor, Siege Tank  
  117  13:39  Thor  
  132  13:45  Thor, Siege Tank  
  132  13:46  SCV x3  
  132  13:47  Thor, Hellion  
  152  13:54  Siege Tank  
  152  13:55  Command Center  
  155  13:57  Siege Tank  
  155  13:58  SCV x2  
  161  14:09  Hellion  
  162  14:10  SCV  
  162  14:13  SCV  
  162  14:16  Thor  
  156  14:21  Hellion  
  156  14:22  Siege Tank  
  115  14:42  Thor x4  
  115  14:43  Thor  
  115  14:44  Hellion x2  
  134  14:54  SCV x2, Hellion  
  134  14:59  Hellion  
  140  15:03  Command Center  
  140  15:05  Hellion x2  
  140  15:06  SCV x2  
  146  15:16  Hellion  
  146  15:18  SCV x2  
  150  15:30  SCV  
  150  15:33  Planetary Fortress  
  147  15:43  Thor  
  147  15:44  Siege Tank  
  147  15:45  Hellion, Siege Tank  
  147  15:46  Hellion, Siege Tank  
  147  15:47  Hellion x3  
  168  15:57  Refinery  
  168  15:59  Refinery  
  162  16:07  Hellion x2  
  162  16:08  Hellion x2  
  162  16:09  Hellion  
  172  16:17  Hellion  
  172  16:18  Hellion x2  
  178  16:27  Hellion  
  178  16:28  Hellion  
  178  16:29  Hellion x2  
  178  16:30  Hellion x2  
  190  16:38  Siege Tank  
  190  16:39  Thor  
  199  16:40  Refinery  
  199  16:41  Refinery  
  150  17:16  Thor  
  150  17:17  Thor x2, Siege Tank  
  150  17:19  Hellion x3  
  150  17:20  Hellion  
  150  17:22  Hellion  
  176  17:26  Infernal Pre-Igniter  
  170  17:40  Hellion x2  
  170  17:41  Hellion x2  
  170  17:43  Hellion  
  180  17:53  Hellbat  
  182  17:59  Thor  
  182  18:00  Siege Tank  
  182  18:01  Hellion, Widow Mine  
  182  18:02  Hellion x2  
  178  18:44  Thor  
  178  18:45  Thor, Siege Tank  
  178  18:46  Hellion  
  178  18:47  Hellion x3  
  178  18:48  Hellion  
  191  18:49  Hellion  
  193  19:08  Hellion x3  
  188  19:20  Hellion x3  
  188  19:21  Hellion  
  188  19:22  SCV x4  
Tags
 
Composition
Mech
League
Silver
Matchup
PvT
Opening
2 Factory
Spawn Locations
Cross Positions
Add a new tag
Caveats
  • Supply blocks, unpowered buildings, or Contaminate may cause inaccurate times.
  • Supply counts are checked every 10 seconds.